 Dungeon Crawl Stone Soup version 0.20.0-4-g10b340a (webtiles) character file.

719 Peloso the Shield-Bearer (level 7, -6/61 HPs)
             Began as a Minotaur Fighter on May 28, 2017.
             Was a Follower of Okawaru.
             Killed from afar by Ijyb (14 damage)
             ... with a wand of lightning (?/15)
             ... on level 4 of the Dungeon.
             The game lasted 00:07:59 (2561 turns).

Peloso the Shield-Bearer (Minotaur Fighter)         Turns: 2561, Time: 00:08:00

Health: -6/61      AC:  9    Str: 21    XL:     7   Next: 42%
Magic:  6/6        EV:  9    Int:  5    God:    Okawaru [*.....]
Gold:   128        SH: 10    Dex: 11    Spells: 6/6 levels left

rFire    . . .     SeeInvis .   s - +0 falchion (freeze)
rCold    . . .     Gourm    .   c - +0 shield
rNeg     . . .     Faith    .   z - +0 scale mail
rPois    +         Spirit   .   A - +2 hat
rElec    .         Reflect  .   (no cloak)
rCorr    .         Harm     .   (no gloves)
MR       .....                  (no boots)
Stlth    ..........             (no amulet)
Regen    0.2/turn               r - ring of poison resistance
MPRegen  0.1/turn               (no ring)

@: no status effects
A: retaliatory headbutt, horns 2
a: Heroism, Renounce Religion


You were on level 4 of the Dungeon.
You worshipped Okawaru.
Okawaru was aware of your devotion.
You were not hungry.

You visited 1 branch of the dungeon, and saw 4 of its levels.

You collected 128 gold pieces.

Inventory:

Hand Weapons
 s - a +0 falchion of freezing (weapon)
 w - a +1 dagger of venom
 y - a +0 mace of protection
Armour
 c - a +0 shield (worn)
 z - a +0 scale mail (worn)
 A - a +2 hat (worn)
Jewellery
 r - a ring of poison resistance (left hand)
Scrolls
 a - a scroll of fog {unknown}
 b - a scroll of immolation {unknown}
 g - a scroll of teleportation {unknown}
 h - a scroll of noise {unknown}
 l - 2 scrolls of amnesia {unknown}
 o - a scroll of blinking {unknown}
 q - 2 scrolls of magic mapping {unknown}
 t - a scroll of random uselessness {unknown}
 u - a scroll of recharging {unknown}
Potions
 e - a potion of haste
 j - a potion of curing
 k - a potion of mutation {unknown}
 n - 2 potions of heal wounds
 p - a potion of resistance {unknown}
 x - a potion of lignification {unknown}
 B - a potion of flight {unknown}
Books
 v - a book of Cantrips

   Spells                             Type                      Level
   a - Confusing Touch                Hexes                        1
   b - Animate Skeleton               Necromancy                   1
   c - Summon Small Mammal            Summoning                    1
   d - Apportation                    Translocation                1
Comestibles
 d - 5 chunks of flesh
 f - 3 bread rations
 i - 2 royal jellies
 m - 2 meat rations


   Skills:
 + Level 5.0 Fighting
 + Level 6.2 Long Blades
 + Level 5.4 Armour
 + Level 1.9 Dodging
 + Level 6.3 Shields


You had 6 spell levels left.
You didn't know any spells.

Dungeon Overview and Level Annotations

Branches:
Dungeon (4/15)
 Temple: D:4-7

Altars:
Ashenzari
Dithmenos
Elyvilon
Okawaru

Annotations:
D:4 Ijyb


Innate Abilities, Weirdness & Mutations

You reflexively headbutt those who attack you in melee.
You have a pair of horns on your head.


Message History

You hit Ijyb but do no damage.
Ijyb is severely wounded.
Ijyb zaps a wand.
The bolt of lightning misses you.
You barely miss Ijyb. Your headbutt misses Ijyb.
Ijyb is severely wounded.
Ijyb zaps a wand.
The bolt of lightning hits you!
You closely miss Ijyb.
Ijyb is severely wounded.
You block Ijyb's attack.
Your shield prevents you from hitting Ijyb.
Ijyb is severely wounded.
Ijyb barely misses you.
You hit Ijyb but do no damage.
Ijyb is severely wounded.
Ijyb zaps a wand.
The bolt of lightning hits you!
* * * LOW HITPOINT WARNING * * *
You hit Ijyb.
Ijyb is severely wounded.
Ijyb zaps a wand.
The bolt of lightning hits you!
You die...

#........# ..#.
#........# .#._.
#........#####..#.#.
##......†.........#..
....................
#................###
#...................
##########..#........#
#.....g@.............#
..#########.#........#
#.#........#
#.#####.####
#######.####))#
#..........#)##
#....>.....#)#
...........#.#
##..............#


You could see Ijyb.

Vanquished Creatures
  The ghost of Shimatora the Cleaver, a novice HOFi (D:4)
  A hound (D:3)
  A bullfrog skeleton (D:4)
  A gnoll shaman (D:4)
  Terence (D:2)
  2 orc wizards (D:4)
  7 gnolls
  7 adders
  4 worms
  A dart slug (D:2)
  3 leopard geckos
  7 orcs
  A ball python (D:3)
  12 bats
  6 giant cockroaches
  5 goblins
  13 hobgoblins
  3 jackals (D:1)
  5 kobolds
  3 quokkas
  3 frilled lizards
  8 rats
95 creatures vanquished.

Notes
Turn   | Place    | Note
-------+----------+-------------------------------------------
     0 | D:1      | Peloso the Minotaur Fighter began the quest for the Orb.
     0 | D:1      | Reached XP level 1. HP: 19/19 MP: 0/0
    70 | D:1      | Reached XP level 2. HP: 18/27 MP: 1/1
   391 | D:1      | Reached XP level 3. HP: 33/33 MP: 2/2
   436 | D:1      | You fall through a shaft!
   448 | D:2      | Noticed Terence
   461 | D:2      | Killed Terence
   658 | D:1      | Reached XP level 4. HP: 38/40 MP: 3/3
   732 | D:2      | Found a shattered altar of Ashenzari.
   732 | D:2      | Found an iron altar of Okawaru.
   778 | D:2      | Became a worshipper of Warmaster Okawaru
   791 | D:2      | Found a shadowy altar of Dithmenos.
  1636 | D:3      | Found a white marble altar of Elyvilon.
  1640 | D:3      | Reached XP level 5. HP: 47/47 MP: 4/4
  1681 | D:3      | Reached skill level 5 in Shields
  2398 | D:4      | Reached XP level 6. HP: 46/53 MP: 5/5
  2427 | D:4      | Noticed Shimatora's ghost (novice HOFi)
  2443 | D:4      | Killed Shimatora's ghost
  2443 | D:4      | Reached * piety under Okawaru
  2443 | D:4      | Reached skill level 5 in Fighting
  2443 | D:4      | Reached skill level 5 in Long Blades
  2443 | D:4      | Reached skill level 5 in Armour
  2443 | D:4      | Reached skill level 1 in Dodging
  2443 | D:4      | Reached XP level 7. HP: 51/61 MP: 6/6
  2528 | D:4      | Found an iron altar of Okawaru.
  2539 | D:4      | Noticed Ijyb
  2561 | D:4      | Killed from afar by Ijyb

Skill      XL: |  1  2  3  4  5  6  7 |
---------------+----------------------+-----
Shields        | 4 5 6 |  6.3
Armour         | 4 5 |  5.4
Fighting       | 4 5 |  5.0
Long Blades    | 3 4 5 6 |  6.2
Dodging        | 1 |  1.9

Action                   |  1- 3 |  4- 6 |  7- 9 || total
-------------------------+-------+-------+-------++-------
Melee: Long sword        |    54 |    18 |       ||    72
       Headbutt          |    10 |    29 |     9 ||    48
       Falchion          |       |   132 |    47 ||   179
  Use: Scroll            |       |     4 |       ||     4
       Potion            |       |     1 |       ||     1
  Eat: Chunk             |       |     5 |     1 ||     6
Armor: Scale mail        |    34 |    62 |    16 ||   112
Dodge: Dodged            |    20 |    39 |    11 ||    70
Block: Shield            |    42 |    94 |    25 ||   161
       Rpst.: Long sword |     6 |     1 |       ||     7
       Falchion          |       |    10 |     2 ||    12
